 Dungeon Crawl Stone Soup version 0.31.0-11-ge490571c62 (webtiles) character file.

Game seed: 13893534745653318835

305 qw the Shooter (level 6, -3/30 HPs)
             Began as a Spriggan Hunter on Feb 4, 2024.
             Killed by divine providence
             ... invoked by an orc priest
              (16 damage)
             ... on level 4 of the Dungeon.
             The game lasted 00:00:41 (2613 turns).

qw the Shooter (Spriggan Hunter)                    Turns: 2613, Time: 00:00:41

Health: -3/30      AC:  2    Str:  7    XL:     6   Next: 15%
Magic:  7/7        EV: 21    Int: 11    God:
Gold:   218        SH:  5    Dex: 20    Spells: 5/5 levels left

rFire   . . .        a - +0 shortbow
rCold   . . .        (shield currently unavailable)
rNeg    . . .        c - +0 robe
rPois   .            (helmet restricted)
rElec   .            (no cloak)
rCorr   .            (gloves unavailable)
SInv    +            (boots unavailable)
Will    +....        d - amulet of reflection
Stlth   ++           (no ring)
HPRegen 0.25/turn    (no ring)
MPRegen 0.10/turn

%: reflection
@: very quick
A: very small, no large weapons, unfitting armour, see invisible, speed 3
a: no special abilities


You were on level 4 of the Dungeon.
You visited 1 branch of the dungeon, and saw 4 of its levels.

You collected 218 gold pieces.


Innate Abilities, Weirdness & Mutations

You are very small and have problems with some larger weapons.
You are too small for most types of armour.
You have supernaturally acute eyesight. (SInv)
You cover ground extremely quickly. (Speed+++)


   Skills:
 - Level 2.0 Fighting
 - Level 6.1 Ranged Weapons
 + Level 5.7 Dodging
 - Level 1.5 Stealth


You had 5 spell levels left.
You didn't know any spells.
Your spell library was empty.

Inventory:

Hand Weapons
 a - a +0 shortbow (weapon)
Armour
 c - a +0 robe (worn)
Jewellery
 d - an amulet of reflection (around neck)
Wands
 f - a wand of paralysis (12)
Potions
 b - 2 potions of cancellation {unknown}
 k - a potion of might
 m - a potion of haste {unknown}

Dungeon Overview and Level Annotations

Branches:
Dungeon (4/15)
 Temple: D:4-7

Altars:
Wu Jian

Shops:
D:4 *


Message History

You shoot an arrow. The arrow barely misses the orc priest.
The orc priest calls down the wrath of Beogh upon you.
Beogh smites you!
You shoot an arrow.
The arrow closely misses the orc priest.
The orc priest hits you with a +0 hand axe. x2
2605 ||| DRINKING potion of heal wounds.
You feel much better.
The orc priest hits you with a +0 hand axe.
You shoot an arrow.
The arrow hits the orc priest but does no damage.
The orc priest is lightly wounded.
The orc priest barely misses you.
You shoot an arrow. The arrow barely misses the orc priest.
The orc priest barely misses you.
You shoot an arrow.
The arrow completely misses the orc priest.
The orc priest looks braver for a moment.
You shoot an arrow.
The arrow hits the orc priest but does no damage.
The orc priest is lightly wounded.
The orc priest calls down the wrath of Beogh upon you.
Beogh smites you!
You shoot an arrow. The arrow barely misses the orc priest.
The orc priest completely misses you.
You shoot an arrow.
The arrow hits the orc priest but does no damage.
The orc priest is lightly wounded.
The orc priest invokes the aid of Beogh against you.
Pain shoots through your body!
You shoot an arrow.
The arrow hits the orc priest but does no damage.
The orc priest is lightly wounded.
You block the orc priest's attack.
You shoot an arrow.
The arrow closely misses the orc priest.
The orc priest mumbles some strange prayers to Beogh against you.
Beogh smites you!
Ouch! That really hurt!
You die...

#### ##..######
##....##..#### .
##..#..#....#.## ..##
##...#......#...#
.....###...........#...#
.........####..........#
.##...@.# ##.#)#......
.......o## #..#..<.....
......... .............
.....#........)###.8.#.#
.##.#.......... #...###
...#..\...... #.<..# #..
.......## #..#..# ##
#.....#.# ..###..# ...#
.##


You could see an orc priest.

Vanquished Creatures
  A jelly (D:4)
  A hound (D:4)
  An iguana (D:4)
  An orc wizard (D:4)
  12 adders
  4 dart slugs
  A ribbon worm (D:2)
  2 orcs
  11 ball pythons
  7 endoplasms
  2 giant cockroaches
  6 goblins
  6 hobgoblins
  5 jackals
  3 quokkas
  4 bats
  4 frilled lizards
  7 rats
78 creatures vanquished.

Notes
Turn   | Place    | Note
-------+----------+-------------------------------------------
     0 | D:1      | qw the Spriggan Hunter began the quest for the Orb.
     0 | D:1      | Reached XP level 1. HP: 10/10 MP: 2/2
     0 | D:1      | 0 ||| qw: Version: 0.3-a-160-g6735b56
     0 | D:1      | 0 ||| qw: Game counter: 5670
     0 | D:1      | 0 ||| qw: Melee chars always use a shield: true
     0 | D:1      | 0 ||| qw: God list: Okawaru
     0 | D:1      | 0 ||| qw: Allow faded altars: false
     0 | D:1      | 0 ||| qw: Do Orc after clearing Dungeon:15 true
     0 | D:1      | 0 ||| qw: Do second Lair branch before Depths: true
     0 | D:1      | 0 ||| qw: Lair rune preference: random
     0 | D:1      | 0 ||| qw: Goals: Normal
     0 | D:1      | 0 ||| PLANNING D:1-11
    49 | D:1      | Reached skill level 3 in Dodging
   121 | D:1      | Reached XP level 2. HP: 14/14 MP: 3/3
   407 | D:1      | Reached XP level 3. HP: 18/18 MP: 4/4
   751 | D:1      | 751 ||| UPGRADING to amulet of reflection.
   756 | D:1      | 756 ||| READING scroll labelled JOB JUWYORHIH.
   757 | D:1      | 757 ||| READING 2 scrolls labelled WYMEDOYCHU.
   758 | D:1      | 758 ||| READING scroll labelled JIFARPHE ZUCIESUY.
   759 | D:1      | 759 ||| READING scroll labelled PIPLEE VUANOEPH.
   759 | D:1      | 759 ||| IDENTIFYING fizzy silvery potion
   760 | D:1      | 760 ||| READING scroll labelled BELUCW WEETUEC.
   761 | D:1      | 761 ||| DROPPING scroll of butterflies.
   762 | D:1      | 762 ||| DROPPING scroll of fog.
   764 | D:1      | 764 ||| Stepping ~*~*~tactically~*~*~ (cloud).
   768 | D:1      | HP: 4/18 [poisoned by you (poison gas)]
   772 | D:1      | HP: 1/18 [poisoned by you (poison gas)]
   935 | D:2      | 935 ||| FLEEEEING.
   942 | D:2      | 942 ||| FLEEEEING.
   944 | D:2      | 944 ||| FLEEEEING.
   945 | D:2      | 945 ||| FLEEEEING.
   946 | D:2      | 946 ||| FLEEEEING.
   947 | D:2      | 947 ||| FLEEEEING.
   948 | D:2      | 948 ||| FLEEEEING.
   950 | D:2      | 950 ||| FLEEEEING.
   952 | D:2      | 952 ||| FLEEEEING.
   953 | D:2      | 953 ||| FLEEEEING.
   954 | D:2      | 954 ||| FLEEEEING.
   955 | D:2      | 955 ||| STAIRDANCE
  1006 | D:2      | Reached skill level 5 in Ranged Weapons
  1069 | D:2      | Reached XP level 4. HP: 22/22 MP: 5/5
  1587 | D:2      | 1587 ||| READING scroll labelled LILIBBYWUT.
  1762 | D:3      | Found an ornate altar of the Wu Jian Council.
  1791 | D:3      | Reached XP level 5. HP: 26/26 MP: 6/6
  1972 | D:3      | Found a faded altar of an unknown god.
  2460 | D:3      | 2460 ||| READING scroll of identify.
  2460 | D:3      | 2460 ||| IDENTIFYING smoky purple potion
  2461 | D:3      | 2461 ||| READING scroll labelled ODUTOVY DOWA.
  2466 | D:3      | 2466 ||| READING scroll labelled KUSIYPP JITEF.
  2467 | D:3      | 2467 ||| READING scroll labelled AROOBB ALLIODIATZ.
  2467 | D:3      | 2467 ||| ENCHANTING +0 shortbow.
  2468 | D:3      | 2468 ||| READING scroll labelled SOITOGG FONILO.
  2469 | D:3      | 2469 ||| DRINKING 3 silvery potions.
  2470 | D:3      | 2470 ||| DROPPING 2 potions of attraction.
  2507 | D:4      | Reached skill level 6 in Ranged Weapons
  2573 | D:4      | Reached XP level 6. HP: 30/30 MP: 7/7
  2588 | D:4      | Found Lyicw's Luxury Loot.
  2604 | D:4      | HP: 6/30 [orc priest/+0 hand axe (3)]
  2605 | D:4      | 2605 ||| DRINKING potion of heal wounds.
  2613 | D:4      | Killed from afar by an orc priest

Levels and vault maps discovered:
D:1:      dpeg_arrival_subterranean_lakeside_camping, layout_basic,
          chequers_serial_rivers_small_a
D:2:      layout_loops_ring, minmay_misc_feat_room, minmay_gold_behind_fungi
D:3:      layout_loops_cross, pdpol_wu_jian_five_deadly_venoms,
          shapermc_ecumenical_altar_acropolis, dreamdust_wishing_well,
          minmay_snake_closets
D:4:      layout_cave_pools, tgw_sif, serial_column_ruins, column_ruins_grid_1,
          column_ruins_grid_3, column_ruins_grid_3, nicolae_alphabet_shops

Skill      XL: |  1  2  3  4  5 |
---------------+----------------+-----
Dodging        | 3 4 5 |  5.7
Ranged Weapons | 5 6 |  6.1
Fighting       | 2 |  2.0
Stealth        | |  1.5

Action                     |  1- 3 |  4- 6 || total
---------------------------+-------+-------++-------
   Fire: Shortbow          |    95 |   133 ||   228
    Use: Scroll            |     5 |     6 ||    11
         Potion            |       |     2 ||     2
 Armour: Robe              |     7 |    16 ||    23
  Dodge: Dodged            |    35 |    50 ||    85
  Block: Other             |     6 |     8 ||    14

Table legend:
 A = Non-vault XP
 B = Vault XP
 C = Vault XP percentage of total XP
 D = Non-vault monster count
 E = Vault monster count
 F = Vault count percentage of total count
                 A         B        C        D         E       F
            +---------+---------+-------+---------+---------+-------
      Total |     367 |      69 |  15.8 |      62 |      16 |  20.5
            +---------+---------+-------+---------+---------+-------
        D:1 |      42 |       9 |  17.6 |      21 |       6 |  22.2
        D:2 |     118 |       0 |   0.0 |      21 |       0 |   0.0
        D:3 |      36 |      60 |  62.5 |      13 |      10 |  43.5
        D:4 |     171 |       0 |   0.0 |       7 |       0 |   0.0
            +---------+---------+-------+---------+---------+-------
